AoeStats
← Shredded_Pork

Black Forest

509072342Analyzed
4v4 RM · 6d ago on Sep 25, 2026· 55m 47s· 8 players
Game mode
Random Map
Map size
Large (8 player)
Population
200
Speed
Normal
Resources
Standard
Victory
Conquest
Starting age
Dark Age
Ending age
Imperial Age
RankedLock teamsTeams togetherTeam positionsShared explorationLock speedFull tech treeHidden civsTurbo modeCheats
Victory
Defeat
🇨🇳 Spanish · China
728
+12
🇨🇳 Byzantines · China
692
+13
🇹🇼 Inca · Taiwan
669
+14
🇻🇳 Persians · Vietnam
622
+16
🇪🇸 Goths · Spain
667
-15
🇺🇸 Khmer · United States
624
-14
🇹🇷 Chinese · Türkiye
611
-13
🇦🇹 Celts · Austria
606
-13
Zeus89
12:57 Feudal Age
16:34 Horse Collar
19:50 Castle Age
18:53 Scale Mail Armor
18:57 Double-Bit Axe
19:56 Stone Mining
19:58 Gold Mining
21:58 Bow Saw
23:54 Pikeman
26:06 Squires
26:14 Loom
27:05 Wheelbarrow
27:20 Caravan
27:34 Elite Skirmisher
30:03 Coinage
29:58 Hand Cart
31:01 Stone Shaft Mining
30:54 Chain Mail Armor
32:08 Anarchy
33:13 Murder Holes
33:40 Ballistics
36:28 Imperial Age
33:50 Man-at-Arms
33:55 Crossbowman
34:43 Treadmill Crane
34:54 Heated Shot
35:15 Masonry
36:49 Halberdier
36:54 Elite Huskarl
37:56 Conscription
37:37 Perfusion
38:56 Banking
38:37 Guilds
40:50 Two-Man Saw
55:05 Heavy Scorpion
jojohe232
0:41 Loom
14:14 Feudal Age
16:36 Horse Collar
16:49 Double-Bit Axe
MAC01
11:54 Feudal Age
12:58 Double-Bit Axe
15:24 Horse Collar
18:31 Bloodlines
25:28 Castle Age
25:44 Stone Mining
25:48 Gold Mining
27:00 Scale Barding Armor
27:06 Forging
28:43 Bow Saw
31:07 Stone Shaft Mining
31:09 Husbandry
33:22 Fortified Wall
34:00 Gold Shaft Mining
33:48 Heavy Plow
33:58 Fletching
38:16 Imperial Age
37:00 Tusk Swords
38:38 Heated Shot
39:09 Ballistics
38:49 Bodkin Arrow
40:27 Cavalier
44:33 Chain Barding Armor
45:28 Iron Casting
44:55 Bracer
50:21 Plate Barding Armor
51:36 Illumination
51:11 Onager
54:42 Hoardings
54:32 Scale Mail Armor
55:17 Arson
54:57 Man-at-Arms
v2_Snake
0:27 Loom
15:51 Feudal Age
17:11 Wheelbarrow
17:08 Double-Bit Axe
19:09 Horse Collar
Shredded_Pork
11:19 Feudal Age
11:45 Double-Bit Axe
11:54 Horse Collar
20:15 Castle Age
18:48 Stone Mining
18:48 Gold Mining
21:33 Heavy Plow
21:47 Bow Saw
24:01 Stone Shaft Mining
33:32 Imperial Age
32:17 Wheelbarrow
32:40 Ballistics
32:39 Scale Barding Armor
32:25 Fletching
32:42 Padded Archer Armor
33:15 Hand Cart
33:17 Caravan
34:49 Chain Barding Armor
34:46 Leather Archer Armor
34:27 Bodkin Arrow
35:44 Chemistry
35:54 Two-Man Saw
35:29 Conscription
36:24 Plate Barding Armor
36:16 Husbandry
36:27 Bloodlines
37:24 Ring Archer Armor
38:04 Bracer
43:44 Man-at-Arms
44:25 Squires
44:11 Gambesons
46:40 Pikeman
50:47 Long Swordsman
J1un8
12:06 Feudal Age
14:30 Horse Collar
16:22 Double-Bit Axe
24:01 Castle Age
23:38 Gold Mining
23:39 Stone Mining
26:22 Heavy Plow
26:32 Bow Saw
26:58 Gold Shaft Mining
26:59 Stone Shaft Mining
34:40 Imperial Age
34:51 Wheelbarrow
34:02 Elite Skirmisher
34:47 Squires
34:32 Arson
36:42 Crop Rotation
35:37 Pikeman
38:08 Hand Cart
38:49 Capped Ram
38:51 Elite Kamayuk
39:40 Fabric Shields
42:31 Onager
42:44 Siege Ram
43:32 Scale Mail Armor
43:42 Forging
43:34 Padded Archer Armor
45:08 Chain Mail Armor
44:16 Halberdier
45:40 Ballistics
46:22 Chemistry
45:04 Treadmill Crane
45:35 Fortified Wall
47:29 Caravan
48:36 Conscription
48:21 Andean Sling
49:00 Hoardings
51:07 Town Watch
52:25 Iron Casting
52:20 Plate Mail Armor
51:41 Fletching
52:06 Leather Archer Armor
51:50 Murder Holes
54:53 Blast Furnace
54:08 Masonry
GURU
0:32 Loom
11:09 Feudal Age
12:40 Wheelbarrow
12:18 Double-Bit Axe
13:32 Horse Collar
13:50 Man-at-Arms
22:59 Castle Age
22:28 Scale Barding Armor
23:09 Forging
23:40 Bow Saw
23:15 Pikeman
24:57 Heavy Plow
28:19 Gold Mining
29:53 Scale Mail Armor
30:19 Squires
32:08 Husbandry
32:03 Stone Mining
33:46 Chain Barding Armor
34:00 Hand Cart
38:44 Imperial Age
37:14 Caravan
37:23 Town Watch
38:13 Coinage
39:03 Iron Casting
39:41 Conscription
40:45 Two-Man Saw
41:27 Chemistry
42:49 Guilds
43:30 Elite War Elephant
46:46 Plate Barding Armor
47:57 Kamandaran
52:32 Banking
53:53 Heated Shot
55:04 Crop Rotation
524653466
0:55 Loom
14:03 Feudal Age
15:20 Wheelbarrow
14:35 Double-Bit Axe
20:57 Gold Mining
20:59 Stone Mining
26:26 Castle Age
24:12 Horse Collar
25:11 Fletching
27:13 Bodkin Arrow
28:16 Hand Cart
29:04 Gold Shaft Mining
29:06 Stone Shaft Mining
29:58 Heavy Plow
30:09 Bow Saw
30:25 Forging
30:34 Caravan
35:16 Imperial Age
34:28 Fervor
37:35 Logistica
38:05 Crop Rotation
39:34 Elite Cataphract
43:35 Conscription
44:07 Coinage
43:48 Guilds
44:21 Iron Casting
43:52 Scale Barding Armor
46:27 Husbandry
46:29 Squires
48:48 Banking
47:48 Pikeman
49:38 Fortified Wall
49:49 Ballistics
50:30 Chemistry
49:33 Halberdier
50:02 Gambesons
50:04 Arson
49:43 Heavy Camel Rider
50:27 Greek Fire
50:14 Treadmill Crane
50:56 Chain Barding Armor
50:36 Scale Mail Armor
50:27 Onager
50:29 Capped Ram
51:23 Light Cavalry
51:25 Man-at-Arms
51:27 Elite Varangian Guard
52:49 Plate Barding Armor
52:38 Sanctity
52:51 Illumination
52:42 Block Printing
52:54 Chain Mail Armor
54:40 Two-Man Saw
53:50 Bracer
53:50 Padded Archer Armor
54:04 Murder Holes
54:30 Bombard Tower
54:02 Guard Tower
53:57 Arrowslits
56:16 Plate Mail Armor
55:15 Long Swordsman
55:17 Cavalier
55:19 Hussar
56:39 Hoardings
Connection lost

Rejoining the realm…

Still unreachable

The connection could not be restored.

Session expired

The server has moved on; the page needs a fresh start.